 Dungeon Crawl Stone Soup version 0.26-a0-662-g8b9c6dab81 (webtiles) character file.

Game seed: 6541000482122443926

27 grandjackal the Ducker (level 2, -2/23 HPs)
             Began as a Demonspawn Gladiator on Oct 10, 2020.
             Slain by a white imp (3 damage)
             ... on level 2 of the Dungeon.
             The game lasted 00:00:52 (1038 turns).

grandjackal the Ducker (Demonspawn Gladiator)       Turns: 1038, Time: 00:00:53

Health: -2/23      AC:  4    Str: 14    XL:     2   Next: 93%
Magic:  2/2        EV: 13    Int:  9    God:
Gold:   20         SH:  0    Dex: 14    Spells: 1/1 levels left

rFire    . . .     SeeInvis .   a - +0 long sword
rCold    . . .     Faith    .   (no shield)
rNeg     . . .     Spirit   .   b - +0 leather armour
rPois    .         Reflect  .   c - +0 helmet
rElec    .         Harm     .   (no cloak)
rCorr    .         Rampage  .   (no gloves)
MR       .....                  (no boots)
Stlth    +.........             (no amulet)
HPRegen  0.07/turn              (no ring)
MPRegen  0.08/turn              (no ring)

@: no status effects
A: rot immunity
a: no special abilities


You were on level 2 of the Dungeon.
You visited 1 branch of the dungeon, and saw 2 of its levels.

You collected 20 gold pieces.

Inventory:

Hand Weapons
 a - a +0 long sword (weapon)
Missiles
 d - 3 throwing nets (quivered)
Armour
 b - a +0 leather armour (worn)
 c - a +0 helmet (worn)
Jewellery
 h - an uncursed amulet of faith
Scrolls
 f - 2 scrolls of identify {unknown}
 i - a scroll of amnesia {unknown}
 j - a scroll of remove curse {unknown}
Potions
 e - 2 potions of heal wounds {unknown}
 g - a potion of stabbing {unknown}


   Skills:
 + Level 2.5 Fighting
 + Level 3.1 Long Blades
 - Level 1.7 Throwing
 + Level 3.1 Dodging


You had one spell level left.
You didn't know any spells.
Your spell library was empty.

Dungeon Overview and Level Annotations

Branches:
Dungeon (2/15)

Altars:


Innate Abilities, Weirdness & Mutations

You are immune to rotting.


Message History

The white imp shouts, "Slither hence, thou simpering spleeny Cock-Lorel!"
A white imp is nearby!
A white imp is nearby!
The white imp gestures at you. The puff of frost hits you!
Found a shiny ring mail.
You hit the white imp but do no damage. The white imp misses you.
You hit the white imp but do no damage. The white imp gestures at you.
The puff of frost hits you!
* * * LOW HITPOINT WARNING * * *
You are too injured to fight recklessly!
You are too injured to fight recklessly!
You are too injured to fight recklessly!
You barely miss the white imp. The white imp gestures at you.
The puff of frost hits you.
* * * LOW HITPOINT WARNING * * *
The white imp hits you.
You die...

#..........
#..[......
#.#........
#.........
####..#.....###..
.....+........
#.#.#...5.###.#
#......@.......
#..............
#.#.#.....###.#
#...........
#.#########.##
#......†......
#.#########.##
#.# #.#


You could see a white imp.

Vanquished Creatures
  An adder (D:2)
  A leopard gecko (D:1)
  3 goblins
  2 hobgoblins (D:1)
  4 bats
  3 frilled lizards (D:1)
  3 kobolds (D:1)
17 creatures vanquished.

Notes
Turn   | Place    | Note
-------+----------+-------------------------------------------
     0 | D:1      | grandjackal the Demonspawn Gladiator began the quest for
                  | the Orb.
     0 | D:1      | Reached XP level 1. HP: 16/16 MP: 1/1
   353 | D:1      | Gained mutation: You are immune to rotting. [demonic
                  | ancestry]
   353 | D:1      | Reached XP level 2. HP: 22/22 MP: 2/2
  1038 | D:2      | HP: 1/23 [white imp/puff of frost (4)]
  1038 | D:2      | Slain by a white imp

Illustrated notes

Levels and vault maps discovered:
D:1:      minmay_arrival_hallway, layout_loops_ring, minmay_statues_item
D:2:      layout_basic, old_standard_altar, old_standard_altar, serial_undead,
          serial_undead_c, serial_undead_d, serial_undead_a, serial_undead_b

Skill      XL: |  1  2 |
---------------+-------+-----
Dodging        | 3 |  3.1
Long Blades    | 3 |  3.1
Fighting       | |  2.5
Throwing       | |  1.7

Action                   || total
-------------------------++-------
Melee: Long sword        ||    66
Armor: Leather armour    ||    22
Dodge: Dodged            ||    58
       Rpst.: Long sword ||    21

Table legend: (Time is in decaauts)
 A = Elapsed time spent in this place.
 B = Non-inter-level travel time spent in this place.
 C = Inter-level travel time spent in this place.
 D = Time resting spent in this place.
 E = Time spent auto-exploring this place.
 F = Levels seen in this place.
 G = Mean time per level.
                   A        B        C        D        E       F      G
               +--------+--------+--------+--------+--------+-----+--------+
         Total |   1054 |   1030 |     24 |    156 |    721 |   2 |  527.0 |
       Dungeon |   1054 |   1030 |     24 |    156 |    721 |   2 |  527.0 |
               +--------+--------+--------+--------+--------+-----+--------+

Top non-repeatable levels by time:
     D:1: 857 daAuts
     D:2: 196 daAuts
